Map: Incorporeal LE

Players

ManlyManMeat - Winner!

  • Race: Zerg Zerg
  • League: Diamond
  • Spawn Location: 11:00

Kellidan

  • Race: Terran Terran
  • League: Master
  • Spawn Location: 5:00

VOD

Have the link to the VOD?

Description

Time

  • Played on: July 7, 2025, 12:01 p.m.
  • Length: 16:01
Show
View Real Time Build Order
Export as new Build Order

ManlyManMeat Zerg - Winner!

Build Orders: Hatch First 

Get SALT Encoding   

  12  0:00  Drone  
  13  0:08  Drone  
  14  0:17  Extractor  
  14  0:18  Drone  
  15  0:22  Overlord  
  15  0:41  Drone  
  16  0:48  Hatchery  
  15  0:50  Drone  
  15  0:54  Drone  
  17  0:58  Drone  
  18  1:08  Extractor  
  17  1:13  Spawning Pool  
  17  1:16  Drone  
  17  1:20  Drone  
  18  1:26  Drone  
  19  1:39  Drone  
  20  2:00  Queen x2  
  25  2:01  Zergling x4  
  26  2:14  Hatchery  
  25  2:18  Drone  
  26  2:29  Overlord  
  26  2:34  Drone  
  26  2:35  Drone  
  26  2:36  Metabolic Boost  
  28  2:54  Drone  
  28  2:55  Drone x5  
  34  2:59  Queen  
  36  3:06  Overlord  
  36  3:29  Queen  
  36  3:31  Drone x6  
  44  3:35  Queen  
  46  3:49  Overlord x2  
  46  3:53  Drone x2  
  48  3:59  Drone x2  
  48  4:00  Overlord  
  50  4:13  Queen  
  50  4:14  Queen  
  50  4:16  Drone  
  50  4:17  Drone x2, Extractor  
  56  4:18  Drone  
  56  4:19  Drone x2  
  56  4:20  Drone x3  
  56  4:21  Drone  
  63  4:37  Extractor  
  63  4:38  Extractor  
  61  4:42  Hatchery  
  60  4:48  Hatchery  
  59  4:53  Lair  
  59  4:55  Spore Crawler  
  59  4:56  Spore Crawler  
  59  4:58  Drone x5, Spore Crawler  
  62  5:00  Drone x3  
  64  5:09  Drone x2  
  64  5:24  Zergling x20  
  74  5:33  Baneling Nest, Evolution Chamber  
  72  5:43  Overlord  
  72  5:44  Overlord  
  68  6:01  Zergling x2  
  68  6:02  Zergling x30  
  82  6:15  Zergling x10  
  87  6:29  Overlord x4, Hatchery  
  86  6:36  Hatchery, Baneling x10  
  85  6:48  Drone x4  
  85  6:49  Zergling x2  
  85  6:50  Centrifugal Hooks  
  85  6:51  Zerg Melee Weapons Level 1  
  90  6:56  Infestation Pit  
  88  7:14  Baneling x4  
  88  7:15  Baneling x2  
  87  7:16  Zergling x2  
  87  7:17  Zergling x14  
  63  7:53  Drone  
  63  7:54  Queen x4  
  68  8:01  Drone  
  68  8:02  Drone, Overlord  
  68  8:03  Overlord x2  
  68  8:04  Infestor x2  
  68  8:05  Zergling x16  
  79  8:14  Zergling x2  
  79  8:15  Zergling x4  
  82  8:26  Drone x5  
  87  8:40  Drone  
  87  8:45  Zerg Ground Armor Level 1  
  87  8:47  Zergling x24  
  97  8:52  Baneling x5  
  97  8:53  Baneling x4  
  97  8:56  Overlord, Extractor  
  97  8:57  Overlord x2, Extractor  
  93  9:13  Zergling x2  
  93  9:14  Zergling x14  
  88  9:28  Overlord x6  
  86  9:46  Queen x4  
  86  9:52  Zergling x16  
  76  10:00  Zergling x10  
  81  10:09  Zergling x8  
  81  10:12  Baneling x7  
  74  10:35  Zergling x6, Hatchery  
  69  10:36  Zergling x16  
  67  10:43  Drone x4  
  67  10:44  Queen  
  67  10:45  Queen  
  70  10:56  Zergling x18  
  72  11:13  Drone x6  
  78  11:27  Hatchery, Infestor x3  
  78  11:31  Overseer x2  
  83  11:35  Drone  
  83  11:36  Drone  
  85  11:48  Drone x9  
  85  11:50  Infestor  
  96  11:57  Zerg Melee Weapons Level 2  
  96  12:08  Infestor x4  
  102  12:17  Pneumatized Carapace  
  102  12:18  Hive  
  102  12:32  Infestor x2  
  106  12:39  Baneling  
  106  12:41  Zergling x6, Baneling x7  
  106  12:42  Zergling x26  
  113  13:03  Zergling x26  
  112  13:20  Zergling x10  
  112  13:25  Overlord x2  
  117  13:47  Ultralisk Cavern  
  114  14:01  Overlord x4  
  113  14:18  Zergling x12  
  113  14:19  Zergling x2, Overlord x4  
  115  14:33  Infestor x3  
  115  14:36  Ultralisk x2  
  115  14:38  Chitinous Plating  
  129  14:39  Zergling x2  
  129  14:40  Zergling x22  
  124  15:10  Zergling x6, Ultralisk x2  
  124  15:11  Zergling x20  
  160  15:44  Overseer  
  160  15:46  Drone x6  
  160  15:47  Drone  
Show
View Real Time Build Order
Export as new Build Order

Kellidan Terran 

Build Orders: Reaper Expand 

Get SALT Encoding   

  12  0:00  SCV  
  13  0:12  SCV  
  14  0:17  Supply Depot  
  14  0:24  SCV  
  15  0:39  SCV  
  15  0:42  Barracks  
  16  0:50  Refinery  
  16  0:51  SCV  
  17  1:04  SCV  
  18  1:16  SCV  
  19  1:32  Orbital Command  
  19  1:33  Reaper  
  20  1:47  Command Center  
  20  1:54  Barracks  
  20  1:57  SCV  
  21  2:05  Barracks Reactor  
  21  2:09  SCV  
  21  2:14  Supply Depot  
  22  2:22  SCV  
  23  2:28  Factory  
  23  2:36  SCV  
  24  2:42  Barracks Tech Lab  
  24  2:43  Marine x2  
  24  2:44  Refinery  
  26  2:48  SCV  
  27  3:00  Orbital Command  
  27  3:02  Marine x2  
  27  3:03  Marine  
  30  3:11  SCV  
  31  3:13  Stimpack  
  31  3:18  Bunker  
  31  3:22  Marine x2  
  31  3:23  Marine, SCV  
  35  3:31  SCV  
  35  3:33  Starport  
  36  3:37  SCV  
  36  3:40  Factory Reactor  
  37  3:42  Marine x2  
  37  3:43  Marine  
  40  3:53  Supply Depot  
  40  3:55  SCV x2  
  41  4:00  Marine x2  
  44  4:07  SCV  
  44  4:08  SCV  
  46  4:17  Marine  
  46  4:18  Marine x2  
  46  4:22  SCV  
  51  4:26  Supply Depot, Medivac  
  53  4:34  Medivac  
  54  4:41  Factory Reactor  
  54  4:46  Command Center  
  54  4:47  Marine x3  
  54  4:48  SCV x2  
  59  4:57  Medivac  
  61  5:00  SCV  
  61  5:07  Supply Depot  
  62  5:15  Combat Shield  
  62  5:19  Engineering Bay x2  
  62  5:24  Supply Depot  
  62  5:26  Marine x3, SCV, Widow Mine x2  
  71  5:28  SCV  
  71  5:37  Barracks  
  71  5:38  Barracks, SCV  
  71  5:40  SCV  
  71  5:42  Supply Depot  
  73  6:04  Marine x3  
  73  6:05  Widow Mine  
  73  6:06  Medivac, Widow Mine  
  73  6:08  Orbital Command, SCV x2  
  84  6:20  SCV  
  85  6:26  Orbital Command  
  85  6:34  SCV x2  
  85  6:37  Barracks Reactor  
  87  6:40  Barracks, Terran Infantry Armor Level 1, Terran Infantry Weapons Level 1  
  87  6:42  Barracks  
  87  6:43  Barracks  
  87  6:45  Marine x5  
  92  6:49  Widow Mine x2  
  92  6:50  Starport Reactor  
  96  6:55  Supply Depot x2  
  89  7:35  Marine  
  89  7:36  Marine x3  
  64  7:37  Marine x4  
  64  7:38  Orbital Command  
  64  7:39  Widow Mine x2  
  54  7:53  Marine  
  52  8:01  Orbital Command  
  52  8:05  Orbital Command  
  52  8:07  Barracks Reactor  
  52  8:08  Barracks Reactor  
  52  8:09  Barracks Tech Lab  
  52  8:10  Marine x6  
  52  8:12  Medivac x2, Widow Mine x2  
  66  8:20  Marine  
  67  8:29  Marauder  
  69  8:38  Marine x5  
  69  8:39  Marauder, Marine  
  77  8:47  Marine  
  77  8:48  Marine x2  
  80  8:50  Marauder  
  80  8:52  SCV x2  
  84  8:59  Marine  
  84  9:00  Marauder, Marine x5  
  84  9:01  SCV  
  91  9:16  Marine x4  
  93  9:26  Marine x5  
  93  9:27  Marine x3  
  93  9:28  Widow Mine x2  
  105  9:45  Marauder  
  107  9:52  Marine x6  
  82  9:53  Marauder, Marine  
  79  10:05  Marine x3  
  79  10:06  Marauder, Widow Mine  
  45  11:01  Marine x5  
  45  11:02  Marauder, Marine x6  
  45  11:03  Medivac x2  
  51  11:06  SCV x3  
  52  11:12  Widow Mine x2  
  52  11:18  SCV x3  
  59  11:20  Marauder  
  61  11:29  Marine x3  
  61  11:30  Marine, SCV x3  
  68  11:33  Marine  
  69  11:42  SCV x3  
  72  11:50  Medivac x2  
  72  11:51  Refinery  
  76  11:54  SCV  
  76  11:55  SCV  
  76  11:56  SCV  
  79  12:04  Widow Mine x2  
  79  12:06  SCV  
  79  12:08  SCV  
  85  12:14  Marine x5  
  85  12:15  Marine x4  
  93  12:16  Marauder  
  93  12:17  Marauder  
  93  12:19  SCV x2  
  93  12:20  SCV  
  101  12:28  Marine  
  101  12:29  Widow Mine  
  102  12:30  Widow Mine  
  102  12:32  Marine, SCV x3  
  106  12:37  Marauder  
  106  12:39  Bunker  
  106  12:40  Marine  
  109  12:57  Marine x4  
  109  12:58  Marine  
  81  13:19  Marine x7  
  82  13:20  Marauder, Marine x2  
  82  13:21  Marauder, Widow Mine x2  
  82  13:22  Liberator  
  82  13:23  Liberator  
  98  13:31  SCV x3  
  98  13:33  Marine  
  102  13:36  Marine  
  102  13:39  Factory  
  102  13:40  Refinery  
  103  13:42  Marauder x2  
  103  13:43  SCV x2  
  109  13:56  Marine x5  
  109  13:57  SCV, Widow Mine  
  109  13:59  Armory  
  109  14:00  Supply Depot  
  117  14:06  Barracks  
  117  14:22  Marine x3, SCV x3, Widow Mine  
  124  14:34  SCV  
  118  14:49  Bunker, Factory Tech Lab  
  118  14:51  Marine x3, Widow Mine x2  
  125  15:03  Marine x3  
  125  15:04  Marine x4  
  125  15:05  Marauder x2  
  111  15:27  Marine  
  111  15:28  Marauder, Marine x8  
  114  15:29  Marauder  
  114  15:30  Widow Mine x3  
  123  15:42  Ghost Academy  
  123  15:45  Barracks Tech Lab  
  124  15:50  Refinery x2  
Tags
 
Add a new tag
Caveats
  • Supply blocks, unpowered buildings, or Contaminate may cause inaccurate times.
  • Supply counts are checked every 10 seconds.